 Dungeon Sprint DCSS version 0.23.2-40-g277498a (webtiles) character file.

Game seed: 5593068372488263742

5063 silentkaos13 the Thaumaturge (level 10, -5/80 (83) HPs)
             Began as a Gnoll Wizard on Oct 11, 2019.
             Was a High Priest of Sif Muna.
             Slain by an unseen horror (10 damage)
             ... in the Dungeon (Sprint I: "Red Sonja").
             The game lasted 00:09:36 (2665 turns).

silentkaos13 the Thaumaturge (Gnoll Wizard)         Turns: 2665, Time: 00:09:36

HP:   -5/80 (83)    AC:  4    Str: 10    XL:     10   Next: 56%
MP:   23/25         EV: 18    Int: 23    God:    Sif Muna [*****.]
Gold: 648           SH:  0    Dex: 14    Spells: 22/31 levels left

rFire    . . .     SeeInvis .   o - +2 broad axe (holy)
rCold    . . .     Gourm    .   (no shield)
rNeg     . . .     Faith    .   c - +0 leather armour
rPois    .         Spirit   .   b - +0 hat
rElec    .         Reflect  .   (no cloak)
rCorr    .         Harm     .   (no gloves)
MR       .....     NoTele   +   (no boots)
Stlth    ++++......             (no amulet)
HPRegen  0.23/turn              (no ring)
MPRegen  0.19/turn              (no ring)

@: hasted, very quick
A: distributed training, fangs 1, strong nose
a: Divine Energy, Channel Magic, Forget Spell, Renounce Religion


You were in the Dungeon.
You worshipped Sif Muna.
Sif Muna was extremely pleased with you.
You were not hungry.

You visited 1 branch You collected 897 gold pieces.
You spent 249 gold pieces at shops.

Inventory:

Hand Weapons
 k - a +0 dagger
 l - a +0 blowgun
 m - a +1 short sword of venom
 o - a +2 broad axe of holy wrath (weapon)
Missiles
 n - 7 curare-tipped needles
Armour
 a - a +0 robe
 b - a +0 hat (worn)
 c - a +0 leather armour (worn)
Wands
 p - a wand of iceblast (6)
Scrolls
 i - a scroll of identify {unknown}
 j - a scroll of blinking
 q - a scroll of enchant weapon {unknown}
Potions
 h - 2 potions of magic
 r - a potion of degeneration {unknown}


   Skills:
 + Level 9.0 Fighting
 + Level 9.0 Short Blades
 + Level 9.0 Long Blades
 + Level 9.0 Axes
 + Level 9.0 Maces & Flails
 + Level 9.0 Polearms
 + Level 9.0 Staves
 + Level 9.0 Slings
 + Level 9.0 Bows
 + Level 9.0 Crossbows
 + Level 9.0 Throwing
 + Level 9.0 Armour
 + Level 10.1 Dodging
 + Level 9.9 Stealth
 + Level 9.0 Shields
 + Level 9.0 Unarmed Combat
 + Level 11.3 Spellcasting
 + Level 7.8 Conjurations
 + Level 7.5 Hexes
 + Level 7.5 Charms
 + Level 7.8 Summonings
 + Level 7.5 Necromancy
 + Level 7.8 Translocations
 + Level 7.5 Transmutations
 + Level 7.5 Fire Magic
 + Level 7.5 Ice Magic
 + Level 7.5 Air Magic
 + Level 7.5 Earth Magic
 + Level 7.5 Poison Magic
 + Level 9.8 Invocations
 + Level 9.0 Evocations


You had 22 spell levels left.
You knew the following spells:

 Your Spells              Type           Power        Failure   Level  Hunger
a - Magic Dart            Conj           ####         1%          1    None
b - Call Imp              Summ           #####...     1%          2    None
c - Conjure Flame         Conj/Fire      #####...     1%          3    None
d - Mephitic Cloud        Conj/Pois/Air  #####...     1%          3    None

Your spell library contained the following spells:

 Spells                   Type           Power        Failure   Level  Hunger
 Blink                    Tloc           N/A          1%          2    None
 Corpse Rot               Necr           N/A          1%          2    None
 Slow                     Hex            #####...     1%          2    None
 Stone Arrow              Conj/Erth      #####.       1%          3    None
 Leda's Liquefaction      Hex/Erth       #####.....   2%          4    None
 Summon Forest            Summ/Tloc      #####.....   7%          5    ####...
 Hydra Form               Tmut           #####.....   41%         6    #####..
 Summon Hydra             Summ           #####.....   91%         7    #######


Dungeon Overview and Level Annotations

Branches:
Dungeon (1/1)

Altars:
Cheibriados
Dithmenos
Elyvilon
Fedhas
Hepliaklqana
Kikubaaqudgha
Makhleb
Okawaru
Qazlal
Ru
Sif Muna
Trog
Uskayaw
Vehumet
Wu Jian
Xom
Yredelemnul
Zin
The Shining One
Jiyva
Lugonu

Shops:
D (%%![


Innate Abilities, Weirdness & Mutations

Your experience applies equally to all skills.
You have very sharp teeth.
Your uncanny sense of smell can sniff out nearby items.


Message History

Something hits you.
* * * LOW HITPOINT WARNING * * *
Something hits you but does no damage. Something barely misses you.
Your shadow imp misses something.
Your crimson imp blinks!
There is an open gate, spattered with blood here.
Casting: Call Imp (safe; 1% risk of failure)
Confirm with . or Enter, or press ? or * to list all spells.
A beastly little devil appears in a puff of flame.
Something misses you. Something hits you!
* * * LOW HITPOINT WARNING * * *
Something barely misses you.
You feel yourself speed up.
Something hits your shadow imp but does no damage.
Something barely misses you.
You swap places.
Something hits you!
* * * LOW HITPOINT WARNING * * *
Something barely misses your shadow imp.
Something hits you!
You die...

.#__####..##.#≈§≈§.#§.#
.#_____##'#_.+§≈§§§§§.#
⌠#_.∩...'..._#≈§§§.#§.#
##_..__##_.#'##§#####'###
∆ ___ ##'#.#.§..###.'.#
##########.####'###(###.#
^.......'...'.....'.∩##.#
#++++####...###########§#
∆∆ ##.###..@...§##.# ∆
∆∆∆ ∆#+#∆#.5....§§§.# ∆∆∆
∆∆∆∆∆#''5######†#∆∆ ∆∆∆
∆∆∆∆∆#......§.#5# ∆∆
#5....§.#§§#∆∆∆
∆∆∆}....§.§§####∆
∆[).....§.§≈# ∆∆∆
#.......≈§≈## ∆∆
###..≈≈≈≈### ∆


You could see 2 friendly crimson imps and a friendly shadow imp.

Vanquished Creatures
  A centaur warrior (D)
  Sonja (D)
  A deep troll (D)
  An oklob plant (D)
  2 kobold demonologists (D)
  A hornet (D)
  A slime creature (D)
  Sigmund (D)
  2 redbacks (D)
  A yak (D)
  2 floating eyes (D)
  7 necrophages (D)
  An ogre (D)
  8 jellies (D)
  Ijyb (D)
31 creatures vanquished.

Vanquished Creatures (collateral kills)
  A centaur warrior (D)
1 creature vanquished.

Vanquished Creatures (others)
  A gargoyle (D)
1 creature vanquished.

Grand Total: 33 creatures vanquished

Notes
Turn   | Place    | Note
-------+----------+-------------------------------------------
     0 | D        | silentkaos13 the Gnoll Wizard began the quest for the Orb.
     0 | D        | Reached XP level 1. HP: 13/13 MP: 8/8
     1 | D        | Noticed Ijyb
    14 | D        | Killed Ijyb
    14 | D        | Reached skill level 1 in Fighting
    14 | D        | Reached skill level 1 in Short Blades
    14 | D        | Reached skill level 1 in Long Blades
    14 | D        | Reached skill level 1 in Axes
    14 | D        | Reached skill level 1 in Maces & Flails
    14 | D        | Reached skill level 1 in Polearms
    14 | D        | Reached skill level 1 in Staves
    14 | D        | Reached skill level 1 in Slings
    14 | D        | Reached skill level 1 in Bows
    14 | D        | Reached skill level 1 in Crossbows
    14 | D        | Reached skill level 1 in Throwing
    14 | D        | Reached skill level 1 in Armour
    14 | D        | Reached skill level 1 in Shields
    14 | D        | Reached skill level 1 in Unarmed Combat
    14 | D        | Reached skill level 1 in Hexes
    14 | D        | Reached skill level 1 in Charms
    14 | D        | Reached skill level 1 in Necromancy
    14 | D        | Reached skill level 1 in Transmutations
    14 | D        | Reached skill level 1 in Fire Magic
    14 | D        | Reached skill level 1 in Ice Magic
    14 | D        | Reached skill level 1 in Air Magic
    14 | D        | Reached skill level 1 in Earth Magic
    14 | D        | Reached skill level 1 in Poison Magic
    14 | D        | Reached skill level 1 in Invocations
    14 | D        | Reached skill level 1 in Evocations
    14 | D        | Reached XP level 2. HP: 14/22 MP: 10/10
    14 | D        | Reached XP level 3. HP: 18/27 MP: 11/11
    37 | D        | Killed a gargoyle
   185 | D        | Learned a level 2 spell: Call Imp
   189 | D        | Learned a level 3 spell: Conjure Flame
   193 | D        | Learned a level 3 spell: Mephitic Cloud
   193 | D        | Noticed an ogre
   198 | D        | Killed an ogre
   198 | D        | Reached skill level 5 in Dodging
   198 | D        | Reached skill level 5 in Stealth
   198 | D        | Reached XP level 4. HP: 34/34 MP: 5/13
   366 | D        | Noticed Sigmund
   389 | D        | Killed Sigmund
   389 | D        | Reached skill level 8 in Spellcasting
   389 | D        | Reached XP level 5. HP: 23/42 MP: 0/15
   389 | D        | Reached XP level 6. HP: 26/48 MP: 0/17
   510 | D        | Found an ornate altar of the Wu Jian Council.
   510 | D        | Found a deep blue altar of Sif Muna.
   516 | D        | Found a radiant altar of Vehumet.
   581 | D        | Became a worshipper of Sif Muna the Loreminder
   585 | D        | Found Buotem's Food Emporium.
   585 | D        | Found an ancient bone altar of Kikubaaqudgha.
   585 | D        | Found a hazy altar of Hepliaklqana.
   585 | D        | Found a stormy altar of Qazlal.
   585 | D        | Found a hide-covered altar of Uskayaw.
   585 | D        | Found a blossoming altar of Fedhas.
   585 | D        | Found a bloodstained altar of Trog.
   585 | D        | Found an iron altar of Okawaru.
   585 | D        | Found a basalt altar of Yredelemnul.
   585 | D        | Found a glowing golden altar of the Shining One.
   585 | D        | Found a snail-covered altar of Cheibriados.
   585 | D        | Found a sacrificial altar of Ru.
   585 | D        | Found a glowing silver altar of Zin.
   585 | D        | Found a shadowy altar of Dithmenos.
   585 | D        | Found a white marble altar of Elyvilon.
   585 | D        | Noticed a yak
   596 | D        | Killed a yak
   596 | D        | Reached skill level 5 in Invocations
   666 | D        | Found a burning altar of Makhleb.
   666 | D        | Found a viscous altar of Jiyva.
   666 | D        | Found a shimmering altar of Xom.
   666 | D        | Found a corrupted altar of Lugonu.
   666 | D        | Noticed a slime creature
   672 | D        | Killed a slime creature
   672 | D        | Reached skill level 5 in Fighting
   672 | D        | Reached skill level 5 in Short Blades
   672 | D        | Reached skill level 5 in Long Blades
   672 | D        | Reached skill level 5 in Axes
   672 | D        | Reached skill level 5 in Maces & Flails
   672 | D        | Reached skill level 5 in Polearms
   672 | D        | Reached skill level 5 in Staves
   672 | D        | Reached skill level 5 in Slings
   672 | D        | Reached skill level 5 in Bows
   672 | D        | Reached skill level 5 in Crossbows
   672 | D        | Reached skill level 5 in Throwing
   672 | D        | Reached skill level 5 in Armour
   672 | D        | Reached skill level 5 in Shields
   672 | D        | Reached skill level 5 in Unarmed Combat
   672 | D        | Reached skill level 9 in Spellcasting
   672 | D        | Reached skill level 5 in Conjurations
   672 | D        | Reached skill level 5 in Summonings
   672 | D        | Reached skill level 5 in Translocations
   672 | D        | Reached skill level 5 in Evocations
   672 | D        | Reached XP level 7. HP: 23/56 MP: 9/19
   868 | D        | Noticed a kobold demonologist
   871 | D        | Paralysed by a floating eye for 2 turns
   872 | D        | Reached * piety under Sif Muna
   876 | D        | Killed a kobold demonologist
   876 | D        | Reached skill level 5 in Hexes
   876 | D        | Reached skill level 5 in Charms
   876 | D        | Reached skill level 5 in Necromancy
   876 | D        | Reached skill level 5 in Transmutations
   876 | D        | Reached skill level 5 in Fire Magic
   876 | D        | Reached skill level 5 in Ice Magic
   876 | D        | Reached skill level 5 in Air Magic
   876 | D        | Reached skill level 5 in Earth Magic
   876 | D        | Reached skill level 5 in Poison Magic
   876 | D        | Reached XP level 8. HP: 64/64 MP: 12/21
   928 | D        | Noticed a kobold demonologist
   943 | D        | Killed a kobold demonologist
  1044 | D        | Noticed Sonja
  1055 | D        | Killed Sonja
  1055 | D        | Reached ** piety under Sif Muna
  1055 | D        | Reached skill level 10 in Spellcasting
  1055 | D        | Reached XP level 9. HP: 72/72 MP: 7/23
  1134 | D        | Found Aniusun's Weapon Boutique.
  1142 | D        | Bought a +2 broad axe of holy wrath for 249 gold pieces
  1204 | D        | Noticed a deep troll
  1212 | D        | Killed a deep troll
  1255 | D        | Found Ethreoxze's Armour Emporium.
  1278 | D        | Noticed a centaur warrior
  1281 | D        | Noticed a centaur warrior
  1285 | D        | Killed a centaur warrior
  1285 | D        | Reached *** piety under Sif Muna
  1292 | D        | Killed a centaur warrior
  1292 | D        | Reached XP level 10. HP: 17/80 MP: 24/24
  1616 | D        | Noticed an oklob plant
  1759 | D        | Killed an oklob plant
  1759 | D        | Reached **** piety under Sif Muna
  1759 | D        | Reached skill level 11 in Spellcasting
  2153 | D        | Reached ***** piety under Sif Muna
  2153 | D        | Received a gift from Sif Muna
  2153 | D        | Reached skill level 10 in Dodging
  2660 | D        | Found Ducelom's Distillery.
  2660 | D        | Found Xengi's Food Shoppe.
  2664 | D        | HP: 4/80 [something (8)]
  2665 | D        | Slain by an unseen horror

Skill      XL: |  1  2  3  4  5  6  7  8  9 10 |
---------------+-------------------------------+-----
Fighting       | 1 2 4 5 6 7 8 9 |  9.0
Short Blades   | 1 2 4 5 6 7 8 9 |  9.0
Long Blades    | 1 2 4 5 6 7 8 9 |  9.0
Axes           | 1 2 4 5 6 7 8 9 |  9.0
Maces & Flails | 1 2 4 5 6 7 8 9 |  9.0
Polearms       | 1 2 4 5 6 7 8 9 |  9.0
Staves         | 1 2 4 5 6 7 8 9 |  9.0
Slings         | 1 2 4 5 6 7 8 9 |  9.0
Bows           | 1 2 4 5 6 7 8 9 |  9.0
Crossbows      | 1 2 4 5 6 7 8 9 |  9.0
Throwing       | 1 2 4 5 6 7 8 9 |  9.0
Armour         | 1 2 4 5 6 7 8 9 |  9.0
Shields        | 1 2 4 5 6 7 8 9 |  9.0
Unarmed Combat | 1 2 4 5 6 7 8 9 |  9.0
Conjurations   | 2 3 4 5 6 7 |  7.8
Hexes          | 1 2 3 4 5 6 7 |  7.5
Charms         | 1 2 3 4 5 6 7 |  7.5
Summonings     | 2 3 4 5 6 7 |  7.8
Necromancy     | 1 2 3 4 5 6 7 |  7.5
Translocations | 2 3 4 5 6 7 |  7.8
Transmutations | 1 2 3 4 5 6 7 |  7.5
Fire Magic     | 1 2 3 4 5 6 7 |  7.5
Ice Magic      | 1 2 3 4 5 6 7 |  7.5
Air Magic      | 1 2 3 4 5 6 7 |  7.5
Earth Magic    | 1 2 3 4 5 6 7 |  7.5
Poison Magic   | 1 2 3 4 5 6 7 |  7.5
Invocations    | 1 3 4 5 6 7 8 9 |  9.8
Evocations     | 1 2 4 5 6 7 8 9 |  9.0
Dodging        | 5 6 7 8 9 10 | 10.1
Stealth        | 5 6 7 8 9 |  9.9
Spellcasting   | 8 9 10 11 | 11.3

Action                   |  1- 3 |  4- 6 |  7- 9 | 10-12 || total
-------------------------+-------+-------+-------+-------++-------
Melee: Unarmed           |    12 |     6 |     1 |       ||    19
       Broad axe         |       |       |    14 |    72 ||    86
       Bite              |       |       |     1 |     8 ||     9
       Punch             |       |       |       |     5 ||     5
 Fire: Blowgun           |       |       |     1 |       ||     1
 Cast: Conjure Flame     |     1 |     5 |     2 |     2 ||    10
       Mephitic Cloud    |     1 |     2 |     5 |     1 ||     9
       Magic Dart        |       |    15 |    27 |     6 ||    48
       Call Imp          |       |       |     1 |     3 ||     4
Evoke: Wand              |       |       |       |     5 ||     5
  Use: Potion            |     1 |       |       |     3 ||     4
 Stab: Confused          |       |     1 |       |       ||     1
       Distracted        |       |       |     2 |       ||     2
       Sleeping          |       |       |       |     3 ||     3
  Eat: Chunk             |       |       |       |     2 ||     2
       Ration            |       |       |       |     1 ||     1
Armor: Robe              |     1 |       |       |       ||     1
       Leather armour    |       |       |     1 |     4 ||     5
Dodge: Dodged            |     2 |     5 |    16 |    73 ||    96
